 Dungeon Crawl Stone Soup version 0.30-a0-6-g7c9e10e132 (webtiles) character file.

Game seed: 9097991654115271434

109 SensoryNuts the Trooper (level 4, -1/49 HPs)
             Began as an Ogre Fighter on Aug 22, 2022.
             Slain by an adder (2 damage)
             ... on level 3 of the Dungeon.
             The game lasted 00:01:41 (2677 turns).

SensoryNuts the Trooper (Ogre Fighter)              Turns: 2677, Time: 00:01:42

Health: -1/49      AC:  3    Str: 22    XL:     4   Next: 89%
Magic:  4/4        EV:  8    Int:  9    God:
Gold:   86         SH:  7    Dex:  8    Spells: 3/3 levels left

rFire   . . .      SeeInvis .    a - +0 war axe
rCold   . . .      Faith    .    c - +0 kite shield
rNeg    . . .      Spirit   .    b - +0 robe
rPois   .          Reflect  .    (helmet restricted)
rElec   .          Harm     .    (no cloak)
rCorr   .          Rampage  .    (gloves unavailable)
Will    .....                    (boots unavailable)
Stlth   +.........               (no amulet)
HPRegen 0.16/turn                (no ring)
MPRegen 0.09/turn                (no ring)

@: mighty, lethally poisoned (-1 -> -5), attractive, flying
A: large, unfitting armour, tough skin 1
a: no special abilities


You were on level 3 of the Dungeon.
You visited 1 branch of the dungeon, and saw 3 of its levels.

You collected 86 gold pieces.

Inventory:

Hand Weapons
 a - a +0 war axe (weapon)
Armour
 b - a +0 robe (worn)
 c - a +0 kite shield (worn)
Jewellery
 e - a ring of willpower
 i - a ring of magical power
Scrolls
 f - 6 scrolls of identify {unknown}
 g - a scroll of enchant weapon {unknown}
 j - a scroll of blinking {unknown}
 o - 2 scrolls of teleportation {unknown}
Potions
 n - a potion of magic {unknown}


   Skills:
 + Level 4.7 Fighting
 + Level 3.5 Axes
 + Level 3.0 Dodging
 + Level 0.5 Stealth
 + Level 3.5 Shields


You had 3 spell levels left.
You didn't know any spells.
Your spell library contained the following spells:

 Spells                   Type           Power      Damage    Failure   Level
 Leda's Liquefaction      Hex/Erth       0%         N/A       100%        4
 Lee's Rapid Deconstruct  Erth           0%         3d5*      100%        5
 Statue Form              Tmut/Erth      0%         N/A       100%        6


Dungeon Overview and Level Annotations

Branches:
Dungeon (3/15)

Altars:
Trog
Uskayaw


Innate Abilities, Weirdness & Mutations

You are too large for most types of armour.
You have tough skin. (AC +1)


Message History

The adder poisons you! The hobgoblin hits you.
You miss the adder.
The adder is heavily wounded.
You slash the hobgoblin!
You kill the hobgoblin!
You feel sick. The adder bites you but does no damage. The adder bites you.
You block the hobgoblin's attack.
You barely miss the adder.
The adder is heavily wounded.
You hit the hobgoblin.
You kill the hobgoblin!
You feel sick. The adder bites you.
* * * LOW HITPOINT WARNING * * *
The adder bites you.
* * * LOW HITPOINT WARNING * * *
You are more poisoned.
The adder poisons you!
You barely miss the adder.
The adder is heavily wounded.
You slash the goblin!
You kill the goblin!
You feel sick. The adder bites you.
* * * LOW HITPOINT WARNING * * *
You are lethally poisoned!
The adder poisons you! The adder closely misses you.
It was a potion of attraction.
You feel attractive to monsters.
* * * LOW HITPOINT WARNING * * *
You feel sick. You block the adder's attack. x2
You closely miss the adder.
The adder is heavily wounded.
* * * LOW HITPOINT WARNING * * *
You feel very sick. The adder completely misses you.
You block the adder's attack.
It was a potion of flight.
You feel very buoyant.
You fly up into the air.
* * * LOW HITPOINT WARNING * * *
You feel sick. The adder bites you.
You die...

.......
###########.....###
........[.........
..#########[..#..###
###..##..(##.......
#...##.#.#(#..#..#
'._.#...#((#.....# #
#...##.#(#(#...))#.##.#
###..##(((##..#.@)....#
..#########...###S..###
.............## ...#
#####.######## ...#
.........# ...#
...##.##.# .... ...##.#
.# ..... ...##.. ..
...... ...####. ..


You could see 5 dancing weapons and an adder.

Vanquished Creatures
  Robin (D:3)
  3 adders
  A worm (D:2)
  A dart slug (D:1)
  2 orcs
  8 endoplasms
  2 giant cockroaches (D:2)
  13 goblins
  4 hobgoblins
  3 kobolds
  A quokka (D:2)
  4 ball pythons
  3 bats
  7 frilled lizards
  9 rats
62 creatures vanquished.

Notes
Turn   | Place    | Note
-------+----------+-------------------------------------------
     0 | D:1      | SensoryNuts the Ogre Fighter began the quest for the Orb.
     0 | D:1      | Reached XP level 1. HP: 24/24 MP: 1/1
   319 | D:1      | Reached XP level 2. HP: 31/32 MP: 2/2
  1019 | D:1      | Found a faded altar of an unknown god.
  1171 | D:1      | Reached XP level 3. HP: 34/40 MP: 3/3
  1608 | D:2      | Found a bloodstained altar of Trog.
  2355 | D:3      | Reached XP level 4. HP: 49/49 MP: 4/4
  2371 | D:3      | Noticed a +0 falchion
  2373 | D:3      | Noticed a +0 falchion
  2383 | D:3      | Noticed a +0 short sword
  2383 | D:3      | Noticed a +0 short sword
  2383 | D:3      | Noticed a +0 spear
  2384 | D:3      | Noticed a +0 dagger
  2385 | D:3      | Noticed a +0 spear
  2385 | D:3      | Noticed a +0 dagger
  2582 | D:3      | Found a hide-covered altar of Uskayaw.
  2658 | D:3      | Noticed Robin
  2671 | D:3      | Killed Robin
  2677 | D:3      | HP: 1/49 [poisoned by an adder]
  2677 | D:3      | Slain by an adder

Illustrated notes

Levels and vault maps discovered:
D:1:      dpeg_arrival_line_fractal, layout_basic,
          dreamdust_ecumenical_altar_hidden_monk_grotto, solitary_fountain,
          glass_columns_c
D:2:      layout_loops_ring, basic_altar
D:3:      cheibrodos_thug_alley, layout_loops_cross, nicolae_uskayaw_en_pointe,
          uniq_grinder, uniq_robin

Skill      XL: |  1  2  3 |
---------------+----------+-----
Axes           | 3 |  3.5
Dodging        | 3 |  3.0
Fighting       | |  4.7
Stealth        | |  0.5
Shields        | |  3.5

Action                   |  1- 3 |  4- 6 || total
-------------------------+-------+-------++-------
Melee: War axe           |   117 |    29 ||   146
  Use: Potion            |       |     5 ||     5
 Stab: Sleeping          |       |     1 ||     1
Armor: Robe              |    39 |    15 ||    54
Dodge: Dodged            |    34 |    13 ||    47
Block: Kite shield       |    33 |    15 ||    48

Table legend: (Time is in decaauts)
 A = Elapsed time spent in this place.
 B = Non-inter-level travel time spent in this place.
 C = Inter-level travel time spent in this place.
 D = Time resting spent in this place.
 E = Time spent auto-exploring this place.
 F = Levels seen in this place.
 G = Mean time per level.
                   A        B        C        D        E       F      G
               +--------+--------+--------+--------+--------+-----+--------+
         Total |   2749 |   2687 |     62 |      0 |   2258 |   3 |  916.3 |
       Dungeon |   2749 |   2687 |     62 |      0 |   2258 |   3 |  916.3 |
               +--------+--------+--------+--------+--------+-----+--------+

Top non-repeatable levels by time:
     D:1: 1391 daAuts
     D:2: 1002 daAuts
     D:3: 355 daAuts
